 Dungeon Crawl Stone Soup version 0.30.0-17-ge0270778cf (webtiles) character file.

Game seed: 7283257442953132792

150 gelatine the Shooter (level 5, -3/39 HPs)
             Began as a Demonspawn Hunter on May 21, 2023.
             Was an Initiate of Gozag.
             Killed by an exploding orc (31 damage)
             ... ignited by their inner flame
             ... on level 3 of the Dungeon.
             The game lasted 00:05:45 (2044 turns).

gelatine the Shooter (Demonspawn Hunter)            Turns: 2044, Time: 00:05:45

Health: -3/39      AC:  6    Str: 11    XL:     5   Next: 10%
Magic:  5/5        EV: 12    Int: 10    God:    Gozag
Gold:   667        SH:  0    Dex: 19    Spells: 4/4 levels left

rFire   . . .        a - +0 shortbow
rCold   . . .        (shield currently unavailable)
rNeg    . . .        c - +0 leather armour
rPois   +            (no helmet)
rElec   .            (no cloak)
rCorr   .            h - +0 pair of gloves
SInv    .            (no boots)
Will    .....        (no amulet)
Stlth   ++           e - ring of poison resistance
HPRegen 1.26/turn    (no ring)
MPRegen 0.09/turn

%: no passive effects
@: gold aura
A: claws 1, icy blue scales 1, ignite blood 1, powered by death 1
a: Renounce Religion, Potion Petition, Call Merchant, Bribe Branch


You were on level 3 of the Dungeon.
You worshipped Gozag.
Gozag was pleased with you.
You visited 1 branch of the dungeon, and saw 3 of its levels.

You collected 667 gold pieces.

Inventory:

Hand Weapons
 a - a +0 shortbow (weapon)
Armour
 c - a +0 leather armour (worn)
 h - a +0 pair of gloves (worn)
Jewellery
 e - a ring of poison resistance (left hand)
Wands
 k - a wand of polymorph (2)
Scrolls
 b - a scroll of immolation
 g - 2 scrolls of enchant weapon {unknown}
 m - 3 scrolls of teleportation {unknown}
 n - a scroll of enchant armour {unknown}
 o - a scroll of fog {unknown}
Potions
 d - 2 potions of mutation
 f - a potion of lignification {unknown}
 i - a potion of magic {unknown}
 j - 2 potions of brilliance
 l - 3 potions of attraction


   Skills:
 + Level 2.5 Fighting
 + Level 5.1 Ranged Weapons
 + Level 1.6 Armour
 + Level 1.9 Dodging
 + Level 1.1 Stealth


You had 4 spell levels left.
You didn't know any spells.
Your spell library contained the following spells:

 Spells                   Type           Power      Damage    Failure   Level
 Cigotuvi's Dreadful Rot  Necr/Pois/Air  0%         N/A       58%         2
 Gell's Gravitas          Tloc           0%         N/A       83%         3
 Passage of Golubria      Tloc           0%         N/A       99%         4
 Borgnjor's Revivificati  Necr           0%         N/A       100%        8


Dungeon Overview and Level Annotations

Branches:
Dungeon (3/15)

Altars:
Cheibriados
Gozag

Shops:
D:2 (


Innate Abilities, Weirdness & Mutations

You have sharp fingernails.
You are partially covered in icy blue scales. (AC +2)
Your demonic aura sometimes causes spilled blood to erupt in flames.
You regenerate a little health from kills.


Message History

3 orcs come into view.
The orc shouts!
You hear a shout!
An orc wizard comes into view. It is wielding a +0 dagger.
The orc shouts!
You shoot an arrow. The orc wizard shouts!
The orc shouts!
The arrow hits the orc.
The orc is moderately wounded.
You shoot an arrow. The arrow hits the orc.
You kill the orc!
An orc priest comes into view. It is wielding a +0 club.
The orc wizard gestures at you while chanting.
The magic dart hits you!
You shoot an arrow. The arrow hits the orc!
You kill the orc!
An orc comes into view. It is wielding a +0 hand axe.
An orc priest comes into view. It is wielding a +0 dagger.
You shoot an arrow. The orc shouts!
The arrow hits the orc.
The orc is heavily wounded.
The orc wizard gestures wildly while chanting.
The orc wizard flickers and vanishes!
Deactivating autopickup; reactivate with Ctrl-A.
The orc priest miscasts a cantrip.
The orc priest calls down the wrath of Beogh upon you.
Beogh smites you!
Okay, then.
Really read the scroll of immolation?
As you read the scroll of immolation, it crumbles to dust.
The creatures around you are filled with an inner flame!
Fire: a) +0 shortbow
Press: ? - help, Q - select action, (/) - cycle Shift-Dir - straight line, f - orc, p - orc
Aim: an orc, wielding a +0 hand axe (inner flame, 64% to hit)
You shoot an arrow. The arrow hits the orc!
The orc explodes!
The fiery explosion engulfs you!!
Ouch! That really hurt!
You die...
Your body crumbles into a pile of gold.

.#### #.......# ..# #
#$.$....# ..#########
#.#.o...~.# ..#.......#
.#.o.....# ..#.#####.#
.o....... .<#.# #.#
#.....# #.#.# #.# #ยง#
..#.# #.# #)# ###.# #.#
#@# ...)# #.######.#
##### #........# #####
########.# ### ....#
#.###.#####.# ..#.#
#...........#
..#.########.###.#####.#
..#..........###.# #.#
...............#.# #.#


You could see 2 orc priests and an orc (inner flame).

Vanquished Creatures
  An iguana (D:3)
  2 adders
  A gnoll (D:1)
  A worm (D:3)
  5 orcs (D:3)
  4 ball pythons
  8 endoplasms
  3 giant cockroaches
  5 goblins
  7 hobgoblins
  4 jackals
  6 quokkas
  7 bats
  5 frilled lizards
  6 kobolds
  23 rats
88 creatures vanquished.

Notes
Turn   | Place    | Note
-------+----------+-------------------------------------------
     0 | D:1      | gelatine the Demonspawn Hunter began the quest for the Orb.
     0 | D:1      | Reached XP level 1. HP: 16/16 MP: 1/1
   131 | D:1      | Reached skill level 4 in Ranged Weapons
   146 | D:1      | Gained mutation: You are partially covered in icy blue
                  | scales. (AC +2) [demonic ancestry]
   146 | D:1      | Reached XP level 2. HP: 22/22 MP: 2/2
   165 | D:1      | Found a faded altar of an unknown god.
   188 | D:1      | Prayed at the altar of an unknown god.
   188 | D:1      | Became a worshipper of Gozag Ym Sagoz the Greedy
   204 | D:1      | Reached skill level 1 in Armour
   328 | D:1      | Gained mutation: You have sharp fingernails. [demonic
                  | ancestry]
   328 | D:1      | Reached XP level 3. HP: 27/27 MP: 3/3
   948 | D:2      | Got the Notes on Ghastly Coordinates
  1201 | D:2      | Gained mutation: You regenerate a little health from kills.
                  | [demonic ancestry]
  1201 | D:2      | Reached XP level 4. HP: 33/33 MP: 4/4
  1284 | D:2      | Identified the +3 dagger "Buwuuczo" {holy, Stlth+}
  1321 | D:2      | Reached skill level 1 in Stealth
  1374 | D:2      | Found Ippudyq's Weapon Shop.
  1570 | D:3      | Reached skill level 5 in Ranged Weapons
  1874 | D:3      | Found a snail-covered altar of Cheibriados.
  1890 | D:3      | Gained mutation: Your demonic aura sometimes causes spilled
                  | blood to erupt in flames. [demonic ancestry]
  1890 | D:3      | Reached XP level 5. HP: 39/39 MP: 5/5
  2044 | D:3      | Killed by an exploding orc... ignited by their inner flame

Illustrated notes

Levels and vault maps discovered:
D:1:      elethiomel_arrival_infinity_welcomes_careful_drivers,
          layout_loops_ring, nicolae_ecumenical_snake_handling
D:2:      cheibrodos_helix_gallery, layout_rooms, serial_shops,
          nicolae_shop_real_fake_doors, chequers_garden, minmay_tromino_v4_a
D:3:      cheibrodos_pilgrimage, layout_basic, mainiacjoe_overflow_alcove_2,
          st_stairs_3, minmay_rat_hole

Skill      XL: |  1  2  3  4 |
---------------+-------------+-----
Ranged Weapons | 4 5 |  5.1
Armour         | 1 |  1.6
Stealth        | 1 |  1.1
Fighting       | |  2.5
Dodging        | |  1.9

Action                     |  1- 3 |  4- 6 || total
---------------------------+-------+-------++-------
   Fire: Shortbow          |   119 |   111 ||   230
    Use: Scroll            |       |     6 ||     6
         Potion            |       |     2 ||     2
 Armour: Leather armour    |    30 |    17 ||    47
  Dodge: Dodged            |    47 |    43 ||    90
